 Dungeon Crawl Stone Soup version 0.22.1-1-ga44c0e5 (webtiles) character file.

12175 jerryfan the Quickloader (level 11, 0/97 HPs)
             Began as a Yellow Draconian Hunter on Sept 24, 2018.
             Was a High Priest of Ru.
             Slain by Rupert
             ... wielding a +3 battleaxe of draining
              (31 damage)
             ... on level 12 of the Dungeon.
             The game lasted 00:51:24 (12416 turns).

jerryfan the Quickloader (Yellow Draconian Hunter) Turns: 12416, Time: 00:51:24

Health: 0/97       AC: 12    Str: 14    XL:     11   Next: 59%
Magic:  9/9        EV: 11    Int: 12    God:    Ru [*****.]
Gold:   448        SH:  0    Dex: 15    Spells: 8/10 levels left

rFire    . . .     SeeInvis .   D - +2 dagger (elec)
rCold    . . .     Gourm    .   (no shield)
rNeg     . . .     Faith    .   (armour unavailable)
rPois    .         Spirit   .   F - +2 hat
rElec    .         Reflect  .   (no cloak)
rCorr    +         Harm     .   J - +0 pair of gloves
MR       .....                  k - +1 pair of boots
Stlth    +.........             b - amulet of the acrobat
HPRegen  0.26/turn              C - ring of protection from magic
MPRegen  0.11/turn              (no ring)

@: short of breath, flying, drained
A: spit acid, acid resistance, unfitting armour, big wings, low mp 1,
cold-blooded, inability to train dodging, no earth magic, no necromancy magic,
no summoning magic, magic vulnerability 1, AC +7
a: Breathe Acid, Stop Flying, Draw Out Power, Power Leap, Apocalypse, Renounce
Religion


You were on level 12 of the Dungeon.
You worshipped Ru.
Ru was extremely pleased with you.
You were not hungry.

You visited 1 branch of the dungeon, and saw 12 of its levels.
You also visited: Sewer.

You collected 448 gold pieces.

Inventory:

Hand Weapons
 a - a +4 hand crossbow
 o - a +2 dagger of speed
 r - a +1 short sword of protection
 v - a +1 flail of holy wrath
 w - a cursed -1 dagger
 B - a +0 blowgun
 D - a +2 dagger of electrocution (weapon)
 K - a +2 dagger of distortion
Missiles
 c - 12 bolts
 l - 18 tomahawks (quivered)
 x - 2 poisoned javelins
 z - 5 curare-tipped needles
Armour
 k - a +1 pair of boots (worn)
 F - a +2 hat (worn)
 J - a +0 pair of gloves (worn)
Jewellery
 b - an amulet of the acrobat (around neck)
 C - a ring of protection from magic (left hand)
Wands
 e - a wand of acid (3)
 i - a wand of scattershot (5)
Scrolls
 f - 2 scrolls of teleportation
 h - 8 scrolls of identify
 m - 2 scrolls of blinking
 n - 4 scrolls of amnesia
 t - a scroll of remove curse
 y - a scroll of fog
Potions
 g - 6 potions of brilliance
 j - 9 potions of curing
 p - 4 potions of flight
 q - a potion of lignification
 s - 5 potions of heal wounds
 u - 3 potions of might
 E - 2 potions of haste
 G - a potion of agility {unknown}
 I - a potion of ambrosia {unknown}
Comestibles
 d - 14 rations
 H - 4 chunks of flesh


   Skills:
 + Level 9.4(8.2) Fighting
 + Level 8.0(6.8) Short Blades
 * Level 11.3(10.1) Crossbows
 + Level 7.6(6.5) Throwing
   Level 0.0 Dodging
 - Level 0.8(0.0) Stealth


You had 8 spell levels left.
You knew the following spells:

 Your Spells              Type           Power        Failure   Level  Hunger
a - Swiftness             Chrm/Air       #.......     45%         2    ###....

Your spell library contained the following spells:

 Spells                   Type           Power        Failure   Level  Hunger
 Shock                    Conj/Air       #...         32%         1    ##.....
 Static Discharge         Conj/Air       #.......     69%         3    ####...
 Airstrike                Air            #.........   97%         4    #####..
 Lightning Bolt           Conj/Air       #.........   100%        5    ######.


Dungeon Overview and Level Annotations

Branches:
Dungeon (12/15)            Temple (0/1) D:4            Lair (0/6) D:9
    Orc (0/2) D:11

Altars:
Ashenzari
Hepliaklqana
Nemelex Xobeh
Ru
Trog
Yredelemnul

Shops:
D:5 [

Annotations:
D:2 exclusion: downstairs
D:3 exclusion: downstairs
D:7 Joseph
D:9 exclusion: death knight
D:12 Rupert


Innate Abilities, Weirdness & Mutations

You can spit globs of acid.
You are resistant to acid.
Your golden yellow scales are hard. (AC +7)
You cannot fit into any form of body armour.
Your magical capacity is low. (-10% MP)
You are cold-blooded and may be slowed by cold attacks.
You cannot train Dodging skill.
You cannot study or cast Earth magic.
You cannot study or cast Necromancy magic.
You cannot study or cast Summoning magic.
You are slightly vulnerable to magic. (MR-)
Your large and strong wings let you fly indefinitely.


Message History

You feel drained.
You hit Rupert. You tail-slap Rupert, but do no damage.
Rupert is severely wounded.
Throwing (i - inventory. (/) - cycle)
A - a throwing net (quivered)
Press: ? - help, Shift-Dir - straight line, f/p - Rupert
Aim: Rupert, wielding a battleaxe of draining and wearing a ring mail (severely You throw a throwing net.
The throwing net closely misses Rupert.
Rupert hits you with a battleaxe of draining!!
You feel drained.
You focus your will and illuminate Rupert in retribution!
You hit Rupert. Lightning courses through Rupert! You tail-slap Rupert.
Rupert is almost dead.
Rupert is stunned by your will and fails to attack.
You hit Rupert.
Your tail-slap misses Rupert.
Rupert is almost dead.
Rupert closely misses you.
You hit Rupert but do no damage. Lightning courses through Rupert!
Rupert is almost dead.
Rupert hits you with a battleaxe of draining!!
You die...

######
####.########
.....+
............#
.....# ###..).).#
.....# #
#.#)####|#
######.(###
#(.....#[#
.....ยง.....
#(.....#.#
...........
#......#.#
##.........
#......#.#
#######....
#(@....#.# .....
#.@.(..#.#
......##.....#..
.......'.....#..
.......#(...##..
.......#.(..#....
+#####
.......#..).#
......
......O#(.(.#
......
.......(....#


You could see Rupert (berserk).

Vanquished Creatures
  Harold (D:9)
  3 two-headed ogres
  2 cyclopes (D:12)
  A manticore (D:11)
  Psyche (D:12)
  A troll (D:11)
  5 hippogriffs
  A wraith (D:10)
  A vampire (D:10)
  7 yaks
  Menkaure (D:6)
  An acid dragon (D:9)
  A water moccasin (D:9)
  A soldier ant (D:11)
  5 orc warriors
  4 ice beasts
  A black bear (D:9)
  A necrophage (D:11)
  8 ogres
  4 centaurs
  3 big kobolds
  8 bullfrogs
  3 gnoll sergeants (D:11)
  A scorpion (D:10)
  11 killer bees
  A howler monkey (D:4)
  4 crimson imps
  3 bullfrog zombies
  4 hounds
  A jelly (D:12)
  7 orc priests
  4 orc wizards
  3 centaur skeletons
  Terence (D:3)
  2 iguanas
  6 worker ants
  2 hound zombies
  A hound skeleton (D:10)
  12 gnolls
  A howler monkey skeleton (D:11)
  21 adders
  6 river rats
  5 oozes
  An adder skeleton (D:5)
  An adder zombie (D:8)
  A dart slug (D:5)
  A worm (D:4)
  10 leopard geckos
  41 orcs
  8 bats
  4 giant cockroaches
  7 goblins
  7 hobgoblins
  6 jackals
  26 kobolds
  10 quokkas
  6 ball pythons
  8 frilled lizards
  A jackal skeleton (D:5)
  A leopard gecko skeleton (D:6)
  24 rats
323 creatures vanquished.

Vanquished Creatures (others)
  A centaur skeleton (D:6)
  An orc wizard (D:6)
  A gnoll (D:11)
  A river rat (Sewer)
  15 fungi (D:9)
  7 plants (D:9)
26 creatures vanquished.

Grand Total: 349 creatures vanquished

Notes
Turn   | Place    | Note
-------+----------+-------------------------------------------
     0 | D:1      | jerryfan the Draconian Hunter began the quest for the Orb.
     0 | D:1      | Reached XP level 1. HP: 17/17 MP: 1/1
   163 | D:1      | Reached XP level 2. HP: 25/25 MP: 2/2
   439 | D:1      | Reached skill level 4 in Crossbows
  1046 | D:2      | Reached skill level 1 in Throwing
  1046 | D:2      | Reached XP level 3. HP: 22/30 MP: 3/3
  1160 | D:2      | Found a sparkling altar of Nemelex Xobeh.
  1334 | D:2      | Found a shattered altar of Ashenzari.
  1334 | D:2      | Found a basalt altar of Yredelemnul.
  1335 | D:2      | Found a sacrificial altar of Ru.
  1341 | D:2      | Became a worshipper of Ru the Awakened
  1410 | D:2      | Reached XP level 4. HP: 26/37 MP: 4/4
  2055 | D:3      | Noticed Terence
  2148 | D:3      | Reached XP level 5. HP: 37/45 MP: 5/5
  2492 | D:3      | Gained mutation: You cannot train Dodging skill. [Ru
                  | sacrifice]
  2492 | D:3      | Reached * piety under Ru
  2492 | D:3      | Reached ** piety under Ru
  2941 | D:3      | Killed Terence
  3218 | D:4      | Reached skill level 5 in Crossbows
  3311 | D:4      | Reached XP level 6. HP: 51/51 MP: 6/6
  3315 | D:4      | Reached skill level 1 in Short Blades
  3362 | D:4      | Found a staircase to the Ecumenical Temple.
  3985 | D:5      | Entered Level 5 of the Dungeon
  3999 | D:5      | Found Inus's Armour Shoppe.
  4032 | D:5      | Learned a level 2 spell: Swiftness
  4044 | D:5      | Your scales start taking on a golden yellow colour.
  4044 | D:5      | Reached XP level 7. HP: 59/59 MP: 7/7
  4200 | D:5      | Reached skill level 6 in Crossbows
  4226 | D:5      | Found a hazy altar of Hepliaklqana.
  4742 | D:5      | Gained mutation: Your magical capacity is low. (-10% MP)
                  | [Ru sacrifice]
  4742 | D:5      | Reached *** piety under Ru
  4810 | D:6      | Reached XP level 8. HP: 47/67 MP: 7/7
  4847 | D:6      | Reached skill level 5 in Fighting
  4991 | D:6      | Noticed a hippogriff
  5252 | D:6      | Reached skill level 7 in Crossbows
  5464 | D:6      | Found a glowing drain.
  5468 | Sewer    | Entered a sewer
  5969 | Sewer    | Gained mutation: You tend to lose your temper in combat.
                  | [potion of mutation]
  5969 | Sewer    | Gained mutation: Your mind is acute. (Int +2) [potion of
                  | mutation]
  6110 | D:6      | Noticed Menkaure
  6113 | D:6      | Killed Menkaure
  6263 | D:6      | Killed a hippogriff
  6263 | D:6      | Reached XP level 9. HP: 75/75 MP: 8/8
  6524 | D:7      | Reached skill level 8 in Crossbows
  6531 | D:7      | Reached skill level 5 in Throwing
  6536 | D:7      | Gained mutation: You are slightly vulnerable to magic.
                  | (MR-) [Ru sacrifice]
  6536 | D:7      | Reached **** piety under Ru
  6601 | D:7      | Reached skill level 5 in Short Blades
  6618 | D:7      | Noticed Joseph
  6811 | D:8      | Noticed a two-headed ogre
  6816 | D:8      | Killed a two-headed ogre
  6925 | D:8      | Reached skill level 9 in Crossbows
  7235 | D:8      | Noticed a two-headed ogre
  7249 | D:8      | Killed a two-headed ogre
  7249 | D:8      | Reached XP level 10. HP: 55/86 MP: 3/9
  8339 | D:9      | Noticed Harold
  8376 | D:9      | Found a bloodstained altar of Trog.
  8748 | D:9      | Killed Harold
  8748 | D:9      | Reached skill level 10 in Crossbows
  8779 | D:9      | Gained mutation: You cannot study or cast Earth magic. [Ru
                  | sacrifice]
  8779 | D:9      | Gained mutation: You cannot study or cast Necromancy magic.
                  | [Ru sacrifice]
  8779 | D:9      | Gained mutation: You cannot study or cast Summoning magic.
                  | [Ru sacrifice]
  8779 | D:9      | Reached ***** piety under Ru
  9342 | D:9      | Noticed a death knight
  9430 | D:9      | Found a sparkling altar of Nemelex Xobeh.
  9519 | D:9      | Found a staircase to the Lair.
  9544 | D:10     | Entered Level 10 of the Dungeon
  9996 | D:10     | Reached XP level 11. HP: 75/95 MP: 9/9
 10509 | D:11     | Lost mutation: You tend to lose your temper in combat.
                  | [potion of mutation]
 10509 | D:11     | Lost mutation: Your mind is acute. (Int +2) [potion of
                  | mutation]
 10509 | D:11     | Gained mutation: Scrolls take you a little longer to read.
                  | [potion of mutation]
 10509 | D:11     | Gained mutation: You do not regenerate when monsters are
                  | visible. [potion of mutation]
 10509 | D:11     | Gained mutation: You are covered in fur. (AC +1) [potion of
                  | mutation]
 10510 | D:11     | Lost mutation: You do not regenerate when monsters are
                  | visible. [potion of mutation]
 10510 | D:11     | Lost mutation: Scrolls take you a little longer to read.
                  | [potion of mutation]
 10510 | D:11     | Lost mutation: You are covered in fur. (AC +1) [potion of
                  | mutation]
 10510 | D:11     | Gained mutation: Your flesh is heat resistant. (rF+)
                  | [potion of mutation]
 10510 | D:11     | Lost mutation: Your flesh is heat resistant. (rF+) [potion
                  | of mutation]
 10510 | D:11     | Gained mutation: Your large and strong wings let you fly
                  | indefinitely. [potion of mutation]
 11131 | D:11     | Found a staircase to the Orcish Mines.
 11364 | D:11     | Reached skill level 11 in Crossbows
 12182 | D:12     | Noticed Rupert
 12187 | D:12     | Noticed Psyche
 12201 | D:12     | Noticed a two-headed ogre
 12223 | D:12     | Killed a two-headed ogre
 12232 | D:12     | Killed Psyche
 12396 | D:12     | Paralysed by Rupert for 7 turns
 12416 | D:12     | Slain by Rupert

Skill      XL: |  1  2  3  4  5  6  7  8  9 10 11 |
---------------+----------------------------------+-----
Dodging        | 2 0 |  0.0
Crossbows      | 4 5 6 7 9 10 11 | 11.3
Throwing       | 1 2 3 4 5 6 7 |  7.6
Fighting       | 3 4 6 7 8 9 |  9.4
Short Blades   | 2 3 4 5 7 8 |  8.0
Stealth        | |  0.8

Action                   |  1- 3 |  4- 6 |  7- 9 | 10-12 || total
-------------------------+-------+-------+-------+-------++-------
Melee: Short sword       |     5 |       |       |       ||     5
       Tailslap          |     1 |     9 |    13 |    20 ||    43
       Dagger            |       |    65 |    83 |   160 ||   308
 Fire: Hand crossbow     |    72 |   153 |   266 |   201 ||   692
       Blowgun           |       |       |     3 |       ||     3
Throw: Tomahawk          |     5 |       |       |       ||     5
       Throwing net      |       |       |       |     3 ||     3
       Javelin           |       |       |       |     2 ||     2
Invok: Sacrifice Nimblen |       |     1 |       |       ||     1
       Sacrifice Essence |       |       |     2 |       ||     2
       Power Leap        |       |       |     3 |     1 ||     4
       Sacrifice Arcana  |       |       |       |     1 ||     1
       Apocalypse        |       |       |       |     1 ||     1
       Reject Sacrifices |       |       |       |     1 ||     1
 Abil: Breathe Acid      |       |       |    22 |    25 ||    47
       Fly               |       |       |       |     1 ||     1
Evoke: Wand              |       |       |     5 |     5 ||    10
  Use: Potion            |       |     2 |    10 |     3 ||    15
       Scroll            |       |     1 |    13 |     5 ||    19
 Stab: Distracted        |       |       |     1 |       ||     1
       Invisible         |       |       |       |     5 ||     5
       Held in net/web   |       |       |       |     2 ||     2
  Eat: Chunk             |     1 |     8 |    14 |    21 ||    44
Armor: Skin              |    10 |    11 |    47 |    56 ||   124
Dodge: Dodged            |    23 |    44 |    86 |    93 ||   246
